 Dungeon Crawl Stone Soup version 0.31.0-32-g396128a36d (webtiles) character file.

Game seed: 7303514843080502693

72 spaghetti the Sneak (level 4, -1/42 HPs)
             Began as a Naga Chaos Knight on Mar 15, 2024.
             Was a Plaything of Xom.
             Slain by an orc
             ... wielding a +0 hand axe
              (5 damage)
             ... on level 3 of the Dungeon.
             The game lasted 00:02:01 (2350 turns).

spaghetti the Sneak (Naga Chaos Knight)             Turns: 2350, Time: 00:02:02

Health: -1/42      AC:  5    Str: 14    XL:     4   Next: 26%
Magic:  4/4        EV:  9    Int: 18    God:    Xom [*.....]
Gold:   158        SH:  0    Dex:  9    Spells: 3/3 levels left

rFire   . . .        a - +1 short sword (chaos)
rCold   . . .        (no shield)
rNeg    . . .        b - +2 leather armour
rPois   +            (no helmet)
rElec   .            (no cloak)
rCorr   .            (no gloves)
SInv    +            (no barding)
Will    .....        (no amulet)
Stlth   +++          (no ring)
HPRegen 0.27/turn    (no ring)
MPRegen 0.09/turn

%: no passive effects
@: very slow
A: AC +1, large, see invisible, deformed body, poison resistance, slowness 2,
spit poison 1, naga tail 1, clever 1
a: Spit Poison, Renounce Religion


You were on level 3 of the Dungeon.
You worshipped Xom.
You were a special plaything of Xom.
You visited 1 branch of the dungeon, and saw 3 of its levels.

You collected 158 gold pieces.

Inventory:

Hand Weapons
 a - a +1 short sword of chaos (weapon)
Armour
 b - a +2 leather armour (worn)
Magical Staves
 h - a staff of air
Jewellery
 f - a ring of resist corrosion
 i - an amulet of guardian spirit
 j - a +6 ring of dexterity
Scrolls
 c - a scroll of butterflies
 g - a scroll of noise {unknown}
 l - a scroll of torment {unknown}
Potions
 d - a potion of enlightenment
 e - a potion of heal wounds
 k - a potion of haste


   Skills:
 - Level 3.0 Fighting
 - Level 3.0 Short Blades
 - Level 1.5 Armour
 - Level 0.7 Dodging
 + Level 6.1 Stealth


You had 3 spell levels left.
You didn't know any spells.
Your spell library was empty.

Dungeon Overview and Level Annotations

Branches:
Dungeon (3/15)

Altars:


Innate Abilities, Weirdness & Mutations

Your serpentine skin is tough. (AC +1)
You have supernaturally acute eyesight. (SInv)
Armour fits poorly on your strangely shaped body.
Your system is resistant to poisons. (rPois)
You cover ground very slowly.
You can spit poison.
You have a snake-like lower body.
Your mind is acute. (Int +4, Str/Dex -1)


Message History

You are too injured to fight recklessly!
You are too injured to fight recklessly!
You are too injured to fight recklessly!
You are too injured to fight recklessly!
You are too injured to fight recklessly!
You are too injured to fight recklessly!
You are too injured to fight recklessly!
You are too injured to fight recklessly!
You are too injured to fight recklessly!
You hit the orc wizard. You freeze the orc wizard.
The orc wizard is lightly wounded.
The orc hits you with a +0 hand axe.
The orc wizard hits you with a +0 dagger.
You barely miss the orc wizard.
The orc wizard is lightly wounded.
You hit the orc wizard but do no damage.
The orc wizard seems to grow stronger.
The orc wizard is lightly wounded.
The orc hits you with a +0 hand axe. The orc wizard closely misses you.
The orc wizard hits you but does no damage.
You hit the orc wizard.
The orc wizard is moderately wounded.
The orc hits you with a +0 hand axe. The orc wizard casts a spell at you.
The puff of flame hits you!
* * * LOW HITPOINT WARNING * * *
The orc wizard hits you with a +0 dagger.
* * * LOW HITPOINT WARNING * * *
You hit the orc wizard but do no damage.
The orc wizard is moderately wounded.
The orc closely misses you.
The orc wizard hits you with a +0 dagger.
* * * LOW HITPOINT WARNING * * *
The orc wizard mumbles some strange words.
The orc wizard flickers and vanishes for a moment. "Serve the toy, my child!"
You are now a special plaything of Xom.
The orc hits you with a +0 hand axe.
You die... "It's all fun and games until someone loses an eye."

#.# ##.## ##+# #...#
##...# ###...###
##.....## #.......#
#.......###.......#
.........##.......#######
......oo.'...............
......o.@####...#########
#.......######.#####
##....5## #........#
##...# #.##.#.#.# ##+#
#.##..#..# #.# #.####.#.#
#.# #.####.#.# #####.##
#........# ...>...##
######.###


You could see 2 orc wizards, an orc (corona) and a friendly quasit (summoned).

Vanquished Creatures
  2 adders
  2 dart slugs
  A ribbon worm (D:3)
  4 endoplasms
  A giant cockroach (D:1)
  2 hobgoblins
  2 jackals (D:2)
  9 kobolds
  4 quokkas
  2 ball pythons (D:2)
  7 bats
  3 frilled lizards
  2 goblins
  2 rats
43 creatures vanquished.

Vanquished Creatures (collateral kills)
  A dart slug (D:2)
1 creature vanquished.

Grand Total: 44 creatures vanquished

Notes
Turn   | Place    | Note
-------+----------+-------------------------------------------
     0 | D:1      | spaghetti the Naga Chaos Knight began the quest for the
                  | Orb.
     0 | D:1      | Reached XP level 1. HP: 21/21 MP: 1/1
    33 | D:1      | Reached skill level 1 in Stealth
   148 | D:1      | XOM: silly message
   174 | D:1      | XOM: smoke on damage
   208 | D:1      | Reached skill level 2 in Stealth
   281 | D:1      | Reached XP level 2. HP: 28/28 MP: 2/2
   344 | D:1      | You fall into a shaft and drop 1 floor!
   418 | D:2      | Reached skill level 3 in Stealth
   538 | D:2      | XOM: silly message
   607 | D:2      | XOM: cast spell 'Animate Armour'
   692 | D:2      | Reached skill level 4 in Stealth
   837 | D:2      | Reached XP level 3. HP: 31/34 MP: 3/3
  1018 | D:2      | XOM: give mutation
  1018 | D:2      | Gained mutation: Your mind is acute. (Int +4, Str/Dex -1)
                  | [Xom's grace]
  1526 | D:2      | Reached skill level 5 in Stealth
  1791 | D:2      | XOM: god gift: scroll labelled EGEYMENIRGH {god gift}
  2122 | D:3      | Reached XP level 4. HP: 42/42 MP: 4/4
  2251 | D:3      | Reached skill level 6 in Stealth
  2342 | D:3      | XOM: fake destruction
  2350 | D:3      | XOM: summons friendly quasit
  2350 | D:3      | Slain by an orc

Illustrated notes

Levels and vault maps discovered:
D:1:      dpeg_arrival_boxorama, layout_loops_ring
D:2:      minmay_evil_eye, layout_basic
D:3:      layout_loops_corners

Skill      XL: |  1  2  3  4 |
---------------+-------------+-----
Stealth        | 2 4 5 6 |  6.1
Fighting       | |  3.0
Short Blades   | |  3.0
Armour         | |  1.5
Dodging        | |  0.7

Action                     |  1- 3 |  4- 6 || total
---------------------------+-------+-------++-------
  Melee: Short sword       |   155 |    31 ||   186
Ability: Spit Poison       |     2 |     1 ||     3
    Use: Scroll            |     3 |     3 ||     6
         Potion            |     3 |       ||     3
   Stab: Sleeping          |     2 |     2 ||     4
         Petrified         |     2 |       ||     2
 Armour: Leather armour    |    99 |    29 ||   128
  Dodge: Dodged            |    75 |    16 ||    91
